TOP OF THE 1ST |
Sacramento River Cats batting - Pitching for Gwinnett Braves : RHP Howard Wood
|
Pitching: RHP Howard Wood
|
|
Batting: RHB Laroya Foronda
|
0-0: Ball 1-0: Ball 2-0: Ball 3-0: Base on Balls
|
Batting: LHB Ryan Braden
|
0-0: Ball 1-0: SINGLE (Groundball, 13, EV 83.1 MPH) (infield hit) Laroya Foronda to second
|
Batting: RHB Nate Hodson
|
0-0: Ball 1-0: Fly out, F7 (Flyball, 7, EV 88.1 MPH)
|
Batting: RHB Chris King
|
0-0: Ball 1-0: Ball 2-0: Grounds into double play, 6-4-3 (Groundball, 6, EV 80.6 MPH)
|
Top of the 1st over - 0 runs, 1 hit, 0 errors, 1 left on base; Sacramento 0 - Gwinnett 0 |
BOTTOM OF THE 1ST |
Gwinnett Braves batting - Pitching for Sacramento River Cats : RHP John Delaney
|
Pitching: RHP John Delaney
|
|
Batting: LHB Robby Dann
|
0-0: Called Strike 0-1: Ball 1-1: Ball 2-1: Swinging Strike 2-2: Ball 3-2: Base on Balls
|
Batting: LHB Mark Buchholz
|
0-0: Ball Robby Dann is caught stealing 2nd base 2-6 1-0: Ball 2-0: Ball 3-0: Called Strike 3-1: Ground out 4-3 (Groundball, 4, EV 83.1 MPH)
|
Batting: RHB Bill Turnbull
|
0-0: Ground out 4-3 (Groundball, 4M, EV 80.0 MPH)
|
Bottom of the 1st over - 0 runs, 0 hits, 0 errors, 0 left on base; Sacramento 0 - Gwinnett 0 |
TOP OF THE 2ND |
Sacramento River Cats batting - Pitching for Gwinnett Braves : RHP Howard Wood
|
Batting: RHB Bill Defazio
|
0-0: Ball 1-0: Called Strike 1-1: Swinging Strike 1-2: Foul Ball, location: 2F 1-2: Fly out, F8 (Flyball, 8RS, EV 93.8 MPH)
|
Batting: LHB Kevin Kantor
|
0-0: Ball 1-0: Ball 2-0: Ball 3-0: Called Strike 3-1: Base on Balls
|
Batting: RHB Martin Guerrero
|
0-0: Ball 1-0: Ball 2-0: Ball 3-0: Called Strike 3-1: Called Strike 3-2: Ground out 5-3 (Groundball, 5L, EV 81.9 MPH) Kevin Kantor to second
|
Batting: LHB Terry Ebersole
|
0-0: Fly out, F7 (Line Drive, 7LM, EV 93.1 MPH)
|
Top of the 2nd over - 0 runs, 0 hits, 0 errors, 1 left on base; Sacramento 0 - Gwinnett 0 |
BOTTOM OF THE 2ND |
Gwinnett Braves batting - Pitching for Sacramento River Cats : RHP John Delaney
|
Batting: RHB John Peterson
|
0-0: Ball 1-0: Ball 2-0: Ball 3-0: Base on Balls
|
Batting: RHB Hieronim Rutkowski
|
0-0: Called Strike John Peterson steals 2nd, throwing error, E2 John Peterson to third 0-1: Ball 1-1: Foul Ball, location: 2F 1-2: Ball 2-2: Strikes out swinging
|
Batting: RHB Jesse Lester
|
0-0: Fly out, F8 (Flyball, 8RD, EV 97.5 MPH) Runner from 3rd tags up, SCORES, throw by CF
|
Batting: LHB Luis Cruz
|
0-0: Foul Ball, location: 2F 0-1: Foul Ball, location: 2F 0-2: Strikes out looking
|
Bottom of the 2nd over - 1 run, 0 hits, 1 error, 0 left on base; Sacramento 0 - Gwinnett 1 |
TOP OF THE 3RD |
Sacramento River Cats batting - Pitching for Gwinnett Braves : RHP Howard Wood
|
Batting: RHB Jack Toole
|
0-0: Ball 1-0: Ball 2-0: Ball 3-0: Fly out, F8 (Flyball, 89S, EV 86.9 MPH)
|
Batting: RHB Laroya Foronda
|
0-0: DOUBLE (Groundball, 5L, EV 110.6 MPH)
|
Batting: LHB Ryan Braden
|
0-0: Ball 1-0: Called Strike 1-1: Ball 2-1: Called Strike 2-2: Strikes out swinging
|
Batting: RHB Nate Hodson
|
0-0: Called Strike 0-1: Called Strike 0-2: Foul Ball, location: 2F 0-2: Foul Ball, location: 2F 0-2: Ball 1-2: Foul Ball, location: 2F 1-2: Foul Ball, location: 2F 1-2: Ball 2-2: Ball 3-2: Ground out U3 (Groundball, 3L, EV 80.6 MPH)
|
Top of the 3rd over - 0 runs, 1 hit, 0 errors, 1 left on base; Sacramento 0 - Gwinnett 1 |
BOTTOM OF THE 3RD |
Gwinnett Braves batting - Pitching for Sacramento River Cats : RHP John Delaney
|
Batting: RHB Riley Nasiir
|
0-0: Called Strike 0-1: Swinging Strike 0-2: Ball 1-2: Ball 2-2: Strikes out swinging
|
Batting: RHB Toki Takeuchi
|
0-0: Called Strike 0-1: Ground out 6-3 (Groundball, 6, EV 98.8 MPH)
|
Batting: LHB Robby Dann
|
0-0: Reached on error, E5 (Groundball, 56, EV 90.6 MPH)
|
Batting: LHB Mark Buchholz
|
0-0: Called Strike Robby Dann steals 2nd base (no throw) 0-1: Ball 1-1: Ball 2-1: Ground out 6-3 (Groundball, 6, EV 79.4 MPH)
|
Bottom of the 3rd over - 0 runs, 0 hits, 1 error, 1 left on base; Sacramento 0 - Gwinnett 1 |
TOP OF THE 4TH |
Sacramento River Cats batting - Pitching for Gwinnett Braves : RHP Howard Wood
|
Batting: RHB Chris King
|
0-0: Called Strike 0-1: Ball 1-1: Called Strike 1-2: Ground out 4-3 (Groundball, 4, EV 110.6 MPH)
|
Batting: RHB Bill Defazio
|
0-0: Called Strike 0-1: Fly out, F8 (Flyball, 8RD, EV 105.0 MPH)
|
Batting: LHB Kevin Kantor
|
0-0: Ball 1-0: Ball 2-0: Ground out 1-3 (Groundball, 13S, EV 71.2 MPH)
|
Top of the 4th over - 0 runs, 0 hits, 0 errors, 0 left on base; Sacramento 0 - Gwinnett 1 |
BOTTOM OF THE 4TH |
Gwinnett Braves batting - Pitching for Sacramento River Cats : RHP John Delaney
|
Batting: RHB Bill Turnbull
|
0-0: Fly out, F9 (Line Drive, 9, EV 96.2 MPH)
|
Batting: RHB John Peterson
|
0-0: Foul Ball, location: 2F 0-1: Swinging Strike 0-2: Ball 1-2: Ball 2-2: SINGLE (Line Drive, 9LS, EV 87.5 MPH)
|
Batting: RHB Hieronim Rutkowski
|
0-0: Ball John Peterson steals 2nd base (no throw) 1-0: Called Strike 1-1: Fly out, F6 (Popup, 6MD, EV 70.0 MPH)
|
Pitching: RHP Taiji Morita
|
|
Batting: RHB Jesse Lester
|
0-0: Ball Wild Pitch! John Peterson to third 1-0: Swinging Strike 1-1: Called Strike 1-2: Foul Ball, location: 2F 1-2: Ground out 3-1 (Groundball, 34, EV 85.6 MPH)
|
Bottom of the 4th over - 0 runs, 1 hit, 0 errors, 1 left on base; Sacramento 0 - Gwinnett 1 |
TOP OF THE 5TH |
Sacramento River Cats batting - Pitching for Gwinnett Braves : RHP Howard Wood
|
Batting: RHB Martin Guerrero
|
0-0: Swinging Strike 0-1: Fly out, F9 (Flyball, 9, EV 92.5 MPH)
|
Batting: LHB Terry Ebersole
|
0-0: Called Strike 0-1: Ball 1-1: Foul Ball, location: 2F 1-2: Ball 2-2: Ball 3-2: Base on Balls
|
Batting: RHB Jack Toole
|
0-0: Foul Ball, location: 2F 0-1: Ball 1-1: SINGLE (Groundball, 4MD, EV 95.6 MPH) Terry Ebersole to second
|
Batting: RHB Laroya Foronda
|
0-0: Ball 1-0: SINGLE (Groundball, 5S, EV 70.0 MPH) (infield hit) Terry Ebersole to third Jack Toole to second
|
Batting: LHB Ryan Braden
|
0-0: Ball Wild Pitch! Terry Ebersole scores Jack Toole to third Laroya Foronda to second 1-0: Swinging Strike 1-1: Ball 2-1: Called Strike 2-2: Fly out, F9 (Flyball, 9, EV 95.0 MPH) Runner from 3rd tags up, SCORES, throw by RF Laroya Foronda to third
|
Batting: RHB Nate Hodson
|
0-0: Ball 1-0: Ball 2-0: Called Strike 2-1: Ball 3-1: Called Strike 3-2: Base on Balls
|
Batting: RHB Chris King
|
0-0: Foul Ball, location: 2F 0-1: SINGLE (Flyball, 6D, EV 86.9 MPH) Laroya Foronda scores Nate Hodson to second
|
Batting: RHB Bill Defazio
|
0-0: Called Strike 0-1: Foul Ball, location: 2F 0-2: Ball 1-2: Ball 2-2: Ball 3-2: Foul Ball, location: 2F 3-2: Ground out 1-3 (Groundball, 15, EV 68.1 MPH)
|
Top of the 5th over - 3 runs, 3 hits, 0 errors, 2 left on base; Sacramento 3 - Gwinnett 1 |
BOTTOM OF THE 5TH |
Gwinnett Braves batting - Pitching for Sacramento River Cats : RHP Taiji Morita
|
Batting: LHB Luis Cruz
|
0-0: Ball 1-0: Ball 2-0: Fly out, F8 (Flyball, 8RXD, EV 103.1 MPH)
|
Batting: RHB Riley Nasiir
|
0-0: Ball 1-0: Ground out 5-3 (Groundball, 56, EV 103.1 MPH)
|
Batting: RHB Toki Takeuchi
|
0-0: Ball 1-0: Ball 2-0: Ball 3-0: Base on Balls
|
Batting: LHB Robby Dann
|
0-0: Called Strike Toki Takeuchi steals 2nd base (no throw) 0-1: Foul Ball, location: 2F 0-2: Foul Ball, location: 2F 0-2: SINGLE (Groundball, 6D, EV 105.0 MPH) Toki Takeuchi to third Runner from 3rd tries for Home, SAFE, throw by LF to home
|
Batting: LHB Mark Buchholz
|
0-0: Called Strike 0-1: Ball 1-1: Ball Robby Dann steals 2nd base 2-1: Called Strike 2-2: Ball 3-2: Base on Balls
|
Batting: RHB Bill Turnbull
|
0-0: Foul Ball, location: 2F 0-1: Ball 1-1: Foul Ball, location: 2F 1-2: Foul Ball, location: 2F 1-2: Ball 2-2: Fly out, F3 (Popup, 3S, EV 67.5 MPH)
|
Bottom of the 5th over - 1 run, 1 hit, 0 errors, 2 left on base; Sacramento 3 - Gwinnett 2 |
TOP OF THE 6TH |
Sacramento River Cats batting - Pitching for Gwinnett Braves : RHP Howard Wood
|
Batting: LHB Kevin Kantor
|
0-0: Ball 1-0: Bunt for hit to 3S - play at first, batter safe!
|
Batting: RHB Martin Guerrero
|
0-0: Ball 1-0: Foul Ball, location: 2F 1-1: Foul Ball, location: 2F 1-2: Foul Ball, location: 2F 1-2: Strikes out swinging
|
Batting: LHB Terry Ebersole
|
0-0: Ball 1-0: Ball 2-0: Ball 3-0: Fly out, F3 (Line Drive, 34, EV 69.4 MPH)
|
Pitching: LHP Mario Jimenez
|
|
Batting: RHB Jack Toole
|
0-0: Ball 1-0: Foul Ball, location: 2F 1-1: Swinging Strike 1-2: Ground out 6-3 (Groundball, 4MD, EV 102.5 MPH)
|
Top of the 6th over - 0 runs, 1 hit, 0 errors, 1 left on base; Sacramento 3 - Gwinnett 2 |
BOTTOM OF THE 6TH |
Gwinnett Braves batting - Pitching for Sacramento River Cats : RHP Taiji Morita
|
Batting: RHB John Peterson
|
0-0: Ball 1-0: Ground out 4-3 (Groundball, 4, EV 85.6 MPH)
|
Batting: RHB Hieronim Rutkowski
|
0-0: Ball 1-0: Called Strike 1-1: Fly out, F7 (Flyball, 78S, EV 90.0 MPH)
|
Batting: RHB Jesse Lester
|
0-0: Ball 1-0: Foul Ball, location: 2F 1-1: Swinging Strike 1-2: Strikes out swinging
|
Bottom of the 6th over - 0 runs, 0 hits, 0 errors, 0 left on base; Sacramento 3 - Gwinnett 2 |
TOP OF THE 7TH |
Sacramento River Cats batting - Pitching for Gwinnett Braves : LHP Mario Jimenez
|
Batting: RHB Laroya Foronda
|
0-0: Called Strike 0-1: Ball 1-1: Foul Ball, location: 2F 1-2: Ball 2-2: Ball 3-2: Base on Balls
|
Batting: LHB Ryan Braden
|
0-0: Ball 1-0: Bunt missed! 1-1: Ball 2-1: Bunted foul 2-2: Foul Ball, location: 2F 2-2: Ball 3-2: Strikes out swinging
|
Batting: RHB Nate Hodson
|
0-0: Called Strike Laroya Foronda steals 2nd base (no throw) 0-1: TRIPLE (Line Drive, 9D, EV 107.5 MPH) Laroya Foronda scores
|
Batting: RHB Chris King
|
0-0: Ball 1-0: Ball 2-0: Called Strike 2-1: Foul Ball, location: 2F 2-2: Ball 3-2: Foul Ball, location: 2F 3-2: Foul Ball, location: 2F 3-2: Ground out 6-3 (Groundball, 6MS, EV 65.0 MPH) Nate Hodson scores
|
Batting: RHB Bill Defazio
|
0-0: Called Strike 0-1: Ball 1-1: Ball 2-1: Ground out U3 (Groundball, 3, EV 84.4 MPH)
|
Top of the 7th over - 2 runs, 1 hit, 0 errors, 0 left on base; Sacramento 5 - Gwinnett 2 |
BOTTOM OF THE 7TH |
Gwinnett Braves batting - Pitching for Sacramento River Cats : RHP Taiji Morita
|
Pitching: LHP Chris Morales
|
|
Batting: LHB Luis Cruz
|
0-0: Ball 1-0: Ball 2-0: Called Strike 2-1: Called Strike 2-2: Ball 3-2: Ground out 4-3 (Groundball, 4, EV 102.5 MPH)
|
Batting: RHB Riley Nasiir
|
0-0: Foul Ball, location: 2F 0-1: Called Strike 0-2: Ball 1-2: Foul Ball, location: 2F 1-2: Strikes out swinging
|
Batting: RHB Toki Takeuchi
|
0-0: Ground out 5-3 (Groundball, 56S, EV 83.1 MPH)
|
Bottom of the 7th over - 0 runs, 0 hits, 0 errors, 0 left on base; Sacramento 5 - Gwinnett 2 |
TOP OF THE 8TH |
Sacramento River Cats batting - Pitching for Gwinnett Braves : LHP Mario Jimenez
|
Pitching: RHP Jonathan Ballejos
|
|
Batting: LHB Kevin Kantor
|
0-0: Foul Ball, location: 2F 0-1: Ball 1-1: Fly out, F9 (Flyball, 9, EV 93.8 MPH)
|
Batting: RHB Martin Guerrero
|
0-0: Ball 1-0: Ball 2-0: Ball 3-0: Base on Balls
|
Batting: LHB Terry Ebersole
|
0-0: Ball 1-0: Called Strike 1-1: Ball 2-1: Called Strike Martin Guerrero is caught stealing 2nd base 2-6 2-2: DOUBLE (Groundball, 3L, EV 96.2 MPH) - OUT at third base trying to stretch hit.
|
Top of the 8th over - 0 runs, 1 hit, 0 errors, 0 left on base; Sacramento 5 - Gwinnett 2 |
BOTTOM OF THE 8TH |
Gwinnett Braves batting - Pitching for Sacramento River Cats : LHP Chris Morales
|
Batting: LHB Robby Dann
|
0-0: Called Strike 0-1: Ball 1-1: Ball 2-1: Ball 3-1: Base on Balls
|
Batting: LHB Mark Buchholz
|
0-0: Fly out, F8 (Flyball, 8RXD, EV 92.5 MPH)
|
Batting: RHB Bill Turnbull
|
0-0: Called Strike 0-1: Called Strike 0-2: Strikes out looking
|
Batting: RHB John Peterson
|
0-0: SINGLE (Line Drive, 3D, EV 108.8 MPH) Robby Dann to second
|
Batting: RHB Hieronim Rutkowski
|
0-0: Foul Ball, location: 2F 0-1: Called Strike 0-2: Ball 1-2: Strikes out swinging
|
Bottom of the 8th over - 0 runs, 1 hit, 0 errors, 2 left on base; Sacramento 5 - Gwinnett 2 |
TOP OF THE 9TH |
Sacramento River Cats batting - Pitching for Gwinnett Braves : RHP Jonathan Ballejos
|
Batting: RHB Jack Toole
|
0-0: Ball 1-0: Called Strike 1-1: SINGLE (Groundball, 6S, EV 66.2 MPH) (infield hit)
|
Batting: RHB Laroya Foronda
|
0-0: Called Strike Jack Toole steals 2nd base 0-1: Called Strike 0-2: Strikes out looking
|
Batting: LHB Ryan Braden
|
0-0: Ball 1-0: Ball 2-0: Called Strike 2-1: Ball 3-1: Swinging Strike 3-2: Strikes out looking
|
Batting: RHB Nate Hodson
|
0-0: Ball 1-0: Ball 2-0: Called Strike 2-1: Ground out U3 (Groundball, 34S, EV 90.0 MPH)
|
Top of the 9th over - 0 runs, 1 hit, 0 errors, 1 left on base; Sacramento 5 - Gwinnett 2 |
BOTTOM OF THE 9TH |
Gwinnett Braves batting - Pitching for Sacramento River Cats : LHP Chris Morales
|
Pitching: LHP Chris Moris
|
|
Batting: RHB Jesse Lester
|
0-0: Called Strike 0-1: Ball 1-1: Fly out, F3 (Popup, 3F, EV 76.2 MPH)
|
Pinch Hitting: RHB Jose Ramos
|
0-0: Called Strike 0-1: Ball 1-1: Ball 2-1: Foul Ball, location: 2F 2-2: Strikes out looking
|
Batting: RHB Riley Nasiir
|
0-0: Called Strike 0-1: SINGLE (Groundball, 4MD, EV 103.8 MPH)
|
Batting: RHB Toki Takeuchi
|
0-0: Called Strike 0-1: Ball 1-1: Ball 2-1: Fielders Choice at 2nd, 6-4 (Groundball, 56, EV 97.5 MPH)
|
Bottom of the 9th over - 0 runs, 1 hit, 0 errors, 1 left on base; Sacramento 5 - Gwinnett 2 |
|